AoeStats
← hexi

Scandinavia

510670636Analyzed
1v1 RM · 7h ago on Oct 2, 2026· 33m 55s· 2 players
Game mode
Random Map
Map size
Tiny (2 player)
Population
200
Speed
Normal
Resources
Standard
Victory
Conquest
Starting age
Dark Age
Ending age
Imperial Age
RankedLock teamsTeams togetherTeam positionsShared explorationLock speedFull tech treeHidden civsTurbo modeCheats
Victory
Defeat
🇦🇺 Japanese · Australia
1718
+13
🇨🇦 Chinese · Canada
1655
-13
TheSam
0:28 Loom
10:17 Feudal Age
18:40 Double-Bit Axe
26:43 Castle Age
25:00 Fishing Lines
26:30 Fletching
27:40 Medium Warships
28:11 Bloodlines
29:15 Husbandry
32:03 Forging
hexi
8:40 Loom
19:48 Feudal Age
20:53 Double-Bit Axe
21:35 Forging
25:50 Castle Age
25:44 Scale Barding Armor
26:42 Medium Warships
26:55 Bow Saw
27:23 Fishing Lines
28:41 Iron Casting
28:47 Husbandry
Connection lost

Rejoining the realm…

Still unreachable

The connection could not be restored.

Session expired

The server has moved on; the page needs a fresh start.